 Dungeon Crawl Stone Soup version 0.21.1-1-g345015fe64 (webtiles) character file.

267 HooM the Chopper (level 6, -3/53 HPs)
             Began as a Hill Orc Fighter on Mar 11, 2018.
             Slain by Sigmund
             ... wielding a +6 scythe of venom
              (11 damage)
             ... on level 4 of the Dungeon.
             The game lasted 00:14:09 (2582 turns).

HooM the Chopper (Hill Orc Fighter)                 Turns: 2582, Time: 00:14:14

Health: -3/53      AC:  2    Str: 18 (21) XL:     6   Next: 21%
Magic:  6/6        EV:  9    Int:  7 (8)  God:
Gold:   151        SH:  9    Dex:  7 (10) Spells: 5/5 levels left

rFire    + . .     SeeInvis .   a - +0 war axe
rCold    x . .     Gourm    .   c - +0 shield
rNeg     . . .     Faith    .   (no armour)
rPois    .         Spirit   .   (no helmet)
rElec    .         Reflect  .   (no cloak)
rCorr    .         Harm     .   (no gloves)
MR       .....                  o - +1 pair of boots
Stlth    +.........             (no amulet)
HPRegen  0.17/turn              h - ring of fire
MPRegen  0.10/turn              (no ring)

@: lethally poisoned (-3 -> -51)
A: no striking features
a: no special abilities


You were on level 4 of the Dungeon.
You were not hungry.

You visited 1 branch of the dungeon, and saw 4 of its levels.

You collected 151 gold pieces.

Inventory:

Hand Weapons
 a - a +0 war axe (weapon)
Missiles
 e - 102 stones (quivered)
Armour
 b - a +0 scale mail
 c - a +0 shield (worn)
 o - a +1 pair of boots (worn)
 p - a +3 scale mail
Jewellery
 h - a ring of fire (left hand)
Scrolls
 i - a scroll of remove curse
 j - 2 scrolls of magic mapping
 k - a scroll of amnesia
 l - a scroll of random uselessness {unknown}
 m - 2 scrolls of teleportation {unknown}
Potions
 d - a potion of might
 g - a potion of degeneration
 n - a potion of invisibility {unknown}
Comestibles
 f - 5 rations


   Skills:
 + Level 4.4 Fighting
 + Level 5.1 Axes
 + Level 2.0 Throwing
 + Level 4.2 Armour
 + Level 0.4 Dodging
 + Level 4.2 Shields


You had 5 spell levels left.
You didn't know any spells.

Dungeon Overview and Level Annotations

Branches:
Dungeon (4/15)
 Temple: D:4-7

Altars:
Dithmenos
Qazlal
Trog
Vehumet
Xom

Annotations:
D:4 Sigmund


Message History

You finish taking off your +0 scale mail.
You feel sick.
You miss something.
You feel less confused.
You feel sick. Something hits you.
You are more poisoned.
You closely miss something.
You feel sick. Something hits you!
You are lethally poisoned!
You closely miss something.
You feel very sick. Something hits you!
* * * LOW HITPOINT WARNING * * *
You are more poisoned.
It was a potion of degeneration.
There was something very wrong with that liquid.
You feel weakened.
You feel dopey.
You feel clumsy.
* * * LOW HITPOINT WARNING * * *
You feel very sick. Something hits you!
You die...

.>## {... ... ..# ## #.#
.## #.# ..# #.## ..# ..
#..######..# #####..
##....{@..# #....#
##.........# #....#
#...###....## ##...#
#............####....#
#.....######..##.....#
#..#### #....<)...# #..#
##...####..#
#..##########..#####..#
##.......................


There were no monsters in sight!

Vanquished Creatures
  A worker ant (D:2)
  7 adders
  7 gnolls
  A shadow imp (D:3)
  2 oozes (D:1)
  3 worms
  4 dart slugs
  4 leopard geckos
  6 bats
  4 giant cockroaches
  8 goblins
  8 hobgoblins
  4 jackals (D:3)
  3 kobolds
  3 quokkas
  3 ball pythons
  5 frilled lizards
  8 rats
81 creatures vanquished.

Notes
Turn   | Place    | Note
-------+----------+-------------------------------------------
     0 | D:1      | HooM the Hill Orc Fighter began the quest for the Orb.
     0 | D:1      | Reached XP level 1. HP: 19/19 MP: 1/1
    27 | D:1      | Reached XP level 2. HP: 26/27 MP: 2/2
   178 | D:1      | Reached skill level 3 in Axes
   181 | D:1      | Reached XP level 3. HP: 29/33 MP: 3/3
   820 | D:2      | Reached skill level 1 in Throwing
   820 | D:2      | Reached XP level 4. HP: 33/40 MP: 4/4
   852 | D:2      | Found a shadowy altar of Dithmenos.
   896 | D:2      | Found a radiant altar of Vehumet.
   903 | D:2      | Found a bloodstained altar of Trog.
   915 | D:2      | Found a shimmering altar of Xom.
  1059 | D:2      | Found a stormy altar of Qazlal.
  1206 | D:2      | Reached skill level 4 in Axes
  1225 | D:2      | Reached XP level 5. HP: 44/46 MP: 5/5
  2062 | D:3      | Reached skill level 5 in Axes
  2062 | D:3      | Reached XP level 6. HP: 43/53 MP: 6/6
  2564 | D:4      | Noticed Sigmund
  2582 | D:4      | Slain by Sigmund

Skill      XL: |  1  2  3  4  5  6 |
---------------+-------------------+-----
Axes           | 3 4 5 |  5.1
Fighting       | 4 |  4.4
Throwing       | 1 2 |  2.0
Armour         | 4 |  4.2
Shields        | 4 |  4.2
Dodging        | |  0.4

Action                   |  1- 3 |  4- 6 || total
-------------------------+-------+-------++-------
Melee: War axe           |   101 |   167 ||   268
Throw: Stone             |    74 |    94 ||   168
  Use: Scroll            |       |     3 ||     3
       Potion            |       |     1 ||     1
  Eat: Chunk             |       |     6 ||     6
Armor: Scale mail        |    39 |    64 ||   103
Dodge: Dodged            |    26 |    50 ||    76
Block: Shield            |    49 |    99 ||   148
